 Dungeon Crawl Stone Soup version 0.16-a0-2914-g4ae3da0 (webtiles) character file.

16384 Gorice the Thaumaturge (level 12, 0/59 HPs)
             Began as a Deep Elf Ice Elementalist on Nov 29, 2014.
             Was an Elder of Sif Muna.
             Slain by Rupert
             ... wielding a +3 great mace of holy wrath
              (38 damage)
             ... while paralysed by Rupert
             ... on level 3 of the Lair of Beasts on Dec 1, 2014.
             The game lasted 02:25:45 (16036 turns).

Gorice the Thaumaturge (Deep Elf Ice Elementalist) Turns: 16036, Time: 02:25:45

Health: 0/59       AC: 12    Str:  5    XL:     12   Next: 9%
Magic:  16/34      EV:  2    Int: 29    God:    Sif Muna [****..]
Gold:   503        SH:  0    Dex: 15    Spells: 8 memorised, 12 levels left

rFire  . . .     SeeInvis .     C - staff of conjuration
rCold  . . .     Clarity  +     o - +3 leather armour {MR+}
rNeg   . . .     SustAb   .     (no shield)
rPois  +         Gourm    .     T - +2 helmet {Int+3}
rElec  .         Spirit   .     t - +0 cloak
rCorr  .         Warding  .     O - +0 pair of gloves
rMut   .         Stasis   .     u - +0 pair of boots
MR     ++...                    g - amulet of clarity
Stlth  ++........               m - +4 ring of evasion
                                p - ring of poison resistance

@: paralysed, swift (expiring), repel missiles, very quick, very resistant to
hostile enchantments, unstealthy
A: no striking features
a: Channel Energy, Forget Spell, Renounce Religion


You were on level 3 of the Lair of Beasts.
You worshipped Sif Muna.
Sif Muna was greatly pleased with you.
You were not hungry.

You visited 3 branches of the dungeon, and saw 14 of its levels.
You also visited: Labyrinth and Sewer.

You collected 701 gold pieces.
You spent 198 gold pieces at shops.

Inventory:

Hand weapons
 a - the +7 scimitar "Demonbane" {slice, +Blink}
   (You took it off a minotaur in a labyrinth)

   It inflicts extra damage upon your enemies.
   It lets you blink.
 B - a +0 blowgun
Missiles
 d - 9 tomahawks (quivered)
 q - 61 poisoned needles
 Y - a throwing net
Armour
 o - a +3 leather armour of magic resistance (worn)
 t - a +0 cloak (worn)
 u - a +0 pair of boots (worn)
 O - a +0 pair of gloves (worn)
 T - a +2 helmet of intelligence (worn)
Magical staves
 C - an uncursed staff of conjuration (weapon)
Rods
 L - a +5 lightning rod (14/14)
   (You found it in a labyrinth)
Jewellery
 g - an amulet of clarity (around neck)
 m - a +4 ring of evasion (right hand)
 p - a ring of poison resistance (left hand)
 y - an uncursed ring of sustain abilities
 G - an uncursed amulet of regeneration
 M - an uncursed ring of positive energy
Magical devices
 e - a wand of invisibility (3)
 k - a wand of digging (12)
 l - a wand of cold (1)
 P - a wand of fire (4)
 R - a wand of disintegration (13)
Scrolls
 f - a scroll of remove curse
 s - 3 scrolls of fog
 H - 4 scrolls of teleportation
Potions
 b - a potion of invisibility {unknown}
 h - 2 potions of haste
 i - a potion of lignification {unknown}
 j - 2 potions of might
 n - 7 potions of curing
 v - a potion of resistance
 z - 2 potions of restore abilities {unknown}
 I - 8 potions of heal wounds
 J - a potion of magic {unknown}
 S - 2 potions of brilliance {unknown}
 U - a potion of agility {unknown}
 V - a potion of cancellation {unknown}
Comestibles
 c - 11 bread rations
 r - 5 chunks of flesh
 w - a beef jerky


   Skills:
 + Level 2.8 Long Blades
 + Level 11.2 Dodging
 - Level 2.4 Stealth
 - Level 11.2 Spellcasting
 + Level 10.0 Conjurations
 + Level 8.0 Charms
 - Level 5.0 Summonings
 - Level 11.0 Ice Magic


You had 12 spell levels left.
You knew the following spells:

 Your Spells              Type           Power        Failure   Level  Hunger
a - Freeze                Ice            ####         1%          1    None
b - Throw Frost           Conj/Ice       ######       1%          2    None
c - Ozocubu's Armour      Chrm/Ice       ######..     1%          3    None
d - Throw Icicle          Conj/Ice       #######.     1%          4    None
e - Summon Ice Beast      Ice/Summ       ######..     1%          4    None
F - Flight                Chrm/Air       #####.....   1%          3    None
M - Repel Missiles        Chrm/Air       #####.       1%          2    None
S - Swiftness             Chrm/Air       #####...     1%          2    None


Dungeon Overview and Level Annotations

Branches:
Dungeon (10/15)            Temple (1/1) D:7            Lair (3/8) D:10
  Swamp: Lair:3-6    Shoals: Lair:3-6     Snake: Lair:3-6    Spider: Lair:3-6
    Orc: D:9-12

Altars:
Ashenzari
Cheibriados
Dithmenos
Elyvilon
Fedhas
Gozag
Kikubaaqudgha
Makhleb
Nemelex Xobeh
Okawaru
Qazlal
Ru
Sif Muna
Trog
Vehumet
Xom
Yredelemnul
Zin
The Shining One

Shops:
D:7 =   D:8 *([%

Annotations:
Lair:3 Rupert


Message History

Rupert is severely wounded.
Casting: Throw Icicle
Confirm with . or Enter, or press ? or * to list all spells.
You feel quick.
Your icy armour starts to melt.
Rupert yells loudly at you.
You feel momentarily confused.
Found 20 sling bullets.
You start to feel a little slower.
Rupert yells loudly at you.
You suddenly lose the ability to move!
Rupert asks, "You're a monster, aren't you?"
Rupert roars madly and goes into a rage!
Rupert goes berserk!
Your icy armour evaporates.
Rupert hits you with a great mace of holy wrath!
Rupert hits you with a great mace of holy wrath!
Rupert hits you with a great mace of holy wrath!!!
Ouch! That really hurt!
You die...

#.. #.. #.# . #.## ####.
####..######....
#..#<.#.P#.(....P
#.............## ####
##..#.#.P......###
.#...###@.#.#.#.P.#..#P#.
.(......@........##......
..##.#......P.#.###.....#
..####..............##..#
...#...........#####.# .
...........#.#..P# #.#
...........####..# #.#
...........####รท### #.##
....#..#..#..##..#.###..#


You could see Rupert (berserk).

Vanquished Creatures
  Gastronok (D:8)
  A minotaur (Lab)
  3 hydras
  An unseen horror (D:10)
  Erolcha (D:8)
  Pikel (D:5)
  3 spiny frogs (Lair:1)
  2 komodo dragons
  Prince Ribbit (D:5)
  A trapdoor spider (Lab)
  10 yaks
  5 blink frogs (Lair:1)
  Eustachio (D:7)
  A spriggan (D:7)
  2 hippogriffs
  Edmund (D:7)
  6 water moccasins
  2 porcupines (Lair:1)
  4 ice beasts
  2 phantoms
  A centaur (D:5)
  8 ogres
  2 crocodiles (Lair:1)
  Sigmund (D:5)
  6 big kobolds (Sewer)
  Blork the orc (D:7)
  10 giant frogs
  2 wyvern zombies
  A wyvern skeleton (D:10)
  5 scorpions
  4 killer bees (D:7)
  3 crimson imps
  A giant frog zombie (D:8)
  9 hounds
  A quasit (D:6)
  9 orc priests
  Crazy Yiuf (D:7)
  A centaur skeleton (D:6)
  5 orc wizards
  A giant frog skeleton (D:7)
  5 iguanas
  4 worker ants
  4 sheep (Lair:3)
  A killer bee zombie (D:7)
  Ijyb (D:2)
  2 hound zombies
  2 hound skeletons
  A worker ant zombie (D:10)
  17 adders
  8 gnolls (D:10)
  3 shadow imps
  6 river rats (Lair:2)
  3 worms
  3 adder skeletons
  7 giant geckos
  2 oozes
  31 orcs
  17 bats
  7 giant cockroaches
  18 goblins
  17 hobgoblins
  3 jackals (D:2)
  9 quokkas
  5 ball pythons
  7 giant newts
  21 kobolds
  A quokka skeleton (D:6)
  A quokka zombie (D:5)
  25 rats
  A fungus (D:7)
  A plant (D:10)
354 creatures vanquished.

Vanquished Creatures (collateral kills)
  A hill giant (D:10)
  A trapdoor spider (Lab)
  A killer bee (D:7)
  A gnoll shaman (D:10)
  A gnoll (D:10)
  A quokka (D:8)
  2 bats (D:8)
  A rat (D:5)
9 creatures vanquished.

Vanquished Creatures (others)
  Menkaure (D:5)
  3 ice beasts
  A jelly (D:5)
  A bat (D:8)
6 creatures vanquished.

Grand Total: 369 creatures vanquished

Notes
Turn   | Place    | Note
--------------------------------------------------------------
     0 | D:1      | Gorice, the Deep Elf Ice Elementalist, began the quest for the Orb.
     0 | D:1      | Reached XP level 1. HP: 10/10 MP: 5/5
   245 | D:1      | Reached XP level 2. HP: 15/15 MP: 4/8
   582 | D:1      | Reached skill level 4 in Ice Magic
   593 | D:1      | Reached XP level 3. HP: 17/19 MP: 6/11
   599 | D:1      | Learned a level 2 spell: Throw Frost
  1172 | D:2      | Reached XP level 4. HP: 24/24 MP: 8/14
  1336 | D:2      | Noticed Ijyb
  1350 | D:2      | Killed Ijyb
  1509 | D:2      | Found a glowing golden altar of the Shining One.
  1512 | D:2      | Reached skill level 5 in Ice Magic
  1903 | D:3      | Learned a level 3 spell: Ozocubu's Armour
  1990 | D:3      | Reached XP level 5. HP: 28/28 MP: 18/18
  2619 | D:4      | Reached skill level 5 in Spellcasting
  2619 | D:4      | Reached XP level 6. HP: 24/32 MP: 12/21
  2652 | D:4      | Noticed a phantom
  2670 | D:3      | Reached skill level 6 in Ice Magic
  2790 | D:4      | Noticed an ogre
  3076 | D:4      | Killed an ogre
  3119 | D:4      | Reached skill level 5 in Dodging
  3119 | D:4      | Reached XP level 7. HP: 36/36 MP: 12/23
  3587 | D:5      | Entered Level 5 of the Dungeon
  3587 | D:5      | Noticed Sigmund
  4009 | D:5      | Reached skill level 7 in Ice Magic
  4553 | D:5      | Noticed Prince Ribbit
  4709 | D:6      | Learned a level 4 spell: Throw Icicle
  4771 | D:6      | Found a sacrificial altar of Ru.
  4837 | D:6      | Found a glowing drain.
  4843 | Sewer    | Entered a sewer
  5054 | Sewer    | Reached XP level 8. HP: 41/41 MP: 13/25
  5467 | D:6      | Reached skill level 8 in Ice Magic
  5974 | D:6      | Reached skill level 5 in Conjurations
  6639 | D:7      | Noticed Eustachio
  6646 | D:7      | Learned a level 4 spell: Summon Ice Beast
  6656 | D:7      | Killed Eustachio
  6656 | D:7      | Reached XP level 9. HP: 45/45 MP: 21/28
  6855 | D:7      | Reached skill level 1 in Summonings
  6889 | D:7      | Noticed Blork the orc
  6898 | D:7      | Killed Blork the orc
  6898 | D:7      | Reached skill level 9 in Ice Magic
  6899 | D:7      | Found Obra's Jewellery Emporium.
  7249 | D:7      | Found a staircase to the Ecumenical Temple.
  7260 | Temple   | Entered the Ecumenical Temple
  7298 | Temple   | Became a worshipper of Sif Muna the Loreminder
  7447 | D:7      | Noticed Edmund
  7457 | D:7      | Killed Edmund
  7499 | D:7      | Found a stormy altar of Qazlal.
  7658 | D:7      | Noticed Crazy Yiuf
  7673 | D:7      | Killed Crazy Yiuf
  7748 | D:5      | Noticed Pikel
  7756 | D:5      | Killed Pikel
  7832 | D:5      | Found a radiant altar of Vehumet.
  7832 | D:5      | Found a snail-covered altar of Cheibriados.
  7912 | D:5      | Killed Menkaure
  8094 | D:5      | Acquired Sif Muna's first power
  8123 | D:5      | Killed Prince Ribbit
  8217 | D:5      | Killed Sigmund
  8483 | D:8      | Reached XP level 10. HP: 45/50 MP: 24/30
  8662 | D:8      | Found Joxkun's Armour Shop.
  8672 | D:8      | Found Zofopuf's Food Emporium.
  8831 | D:8      | Noticed Gastronok
  9368 | D:8      | Noticed Erolcha
  9439 | D:8      | Killed Erolcha
  9504 | D:8      | Found Pnothrei's Antique Weapon Shop.
  9876 | D:8      | Bought a +1 helmet of intelligence for 198 gold pieces
 10128 | D:8      | Acquired Sif Muna's second power
 10133 | D:8      | Found Sisunuyr's General Store.
 10575 | D:8      | Killed Gastronok
 10575 | D:8      | Reached skill level 5 in Summonings
 10575 | D:8      | Reached skill level 10 in Ice Magic
 10803 | D:7      | Upgraded the game from 0.16-a0-2844-g9b01c91 to 0.16-a0-2876-g1f3fc7e
 11035 | D:9      | Reached skill level 10 in Spellcasting
 11150 | D:9      | Reached skill level 1 in Charms
 11184 | D:9      | Found an ancient bone altar of Kikubaaqudgha.
 11952 | D:10     | Entered Level 10 of the Dungeon
 12115 | D:10     | Found a staircase to the Lair.
 12342 | D:10     | Reached XP level 11. HP: 39/54 MP: 15/32
 12528 | D:10     | Killed an unseen horror
 12608 | D:10     | Noticed a hill giant
 12661 | D:10     | Killed a hill giant
 12818 | Temple   | Learned a level 2 spell: Throw Frost
 13296 | Lair:1   | Entered Level 1 of the Lair of Beasts
 13519 | Lair:1   | Reached skill level 10 in Dodging
 13530 | Lair:1   | Reached skill level 5 in Charms
 13638 | Lair:1   | Found a labyrinth entrance.
 13661 | Lab      | Entered a labyrinth
 13867 | Lab      | Noticed a minotaur
 13871 | Lab      | Killed a minotaur
 13871 | Lab      | Reached skill level 11 in Spellcasting
 13873 | Lab      | Got a jewelled scimitar
 13873 | Lab      | Got a fine scale mail
 13884 | Lab      | Identified the +7 scimitar "Demonbane" {slice, +Blink} (You took it off a minotaur in a labyrinth)
 13905 | Lab      | Identified the cursed -6 scale mail of Insatiable Hunger {Str-3 Int+3} (You took it off a minotaur in a labyrinth)
 13955 | Lair:1   | Learned a level 2 spell: Repel Missiles
 13958 | Lair:1   | Learned a level 2 spell: Swiftness
 13962 | Lair:1   | Learned a level 3 spell: Flight
 14034 | Lair:1   | Acquired Sif Muna's third power
 14233 | Lair:1   | Reached skill level 1 in Long Blades
 14291 | Lair:1   | Noticed a seven-headed hydra
 14314 | Lair:1   | Killed a seven-headed hydra
 14632 | Lair:1   | Upgraded the game from 0.16-a0-2876-g1f3fc7e to 0.16-a0-2914-g4ae3da0
 14773 | Lair:2   | Noticed a five-headed hydra
 14783 | Lair:2   | Killed a five-headed hydra
 14864 | Lair:2   | Noticed a seven-headed hydra
 14870 | Lair:2   | Killed a seven-headed hydra
 14870 | Lair:2   | Reached XP level 12. HP: 56/59 MP: 15/34
 15215 | Lair:2   | Reached skill level 10 in Conjurations
 16014 | Lair:3   | Noticed Rupert
 16031 | Lair:3   | Paralysed by Rupert for 6 turns
 16036 | Lair:3   | Slain by Rupert

Action                   |  1- 3 |  4- 6 |  7- 9 | 10-12 || total
-------------------------+-------+-------+-------+-------++-------
Melee: Unarmed           |     3 |       |       |       ||     3
       Dagger            |     7 |     5 |    42 |       ||    54
       Rapier            |       |       |   106 |   105 ||   211
       Whip              |       |       |       |    22 ||    22
       Scimitar          |       |       |       |    58 ||    58
 Fire: Hunting sling     |       |    58 |    50 |    16 ||   124
       Blowgun           |       |       |    87 |   129 ||   216
Throw: Tomahawk          |       |       |     2 |     7 ||     9
       Throwing net      |       |       |       |     1 ||     1
 Cast: Freeze            |    72 |    91 |   140 |   126 ||   429
       Throw Frost       |       |     7 |    31 |    28 ||    66
       Ozocubu's Armour  |       |     1 |    15 |    24 ||    40
       Throw Icicle      |       |       |    17 |    93 ||   110
       Summon Ice Beast  |       |       |     2 |     9 ||    11
       Repel Missiles    |       |       |       |     1 ||     1
       Swiftness         |       |       |       |     1 ||     1
Invok: Channel Energy    |       |       |       |     6 ||     6
       Forget Spell      |       |       |       |     1 ||     1
 Abil: Evoke Blink       |       |       |       |     1 ||     1
Evoke: Wand              |       |     4 |       |     2 ||     6
  Use: Scroll            |     2 |     5 |     9 |     8 ||    24
       Potion            |       |       |     1 |       ||     1
 Stab: Sleeping          |     1 |       |    19 |    18 ||    38
       Distracted        |       |       |     1 |     2 ||     3
  Eat: Chunk             |     1 |     6 |    15 |    17 ||    39
       Pizza             |       |       |     1 |     2 ||     3
       Beef jerky        |       |       |     1 |       ||     1
       Bread ration      |       |       |       |     1 ||     1
